 Dungeon Crawl Stone Soup version 0.29-a0-330-g52719c12eb (webtiles) character file.

Game seed: 3372121209049760117

84 kae the Firebug (level 4, -7/25 HPs)
             Began as a Deep Elf Fire Elementalist on May 1, 2022.
             Mangled by Natasha (9 damage)
             ... on level 2 of the Dungeon.
             The game lasted 00:00:57 (1632 turns).

kae the Firebug (Deep Elf Fire Elementalist)        Turns: 1632, Time: 00:00:58

Health: -7/25      AC:  2    Str:  5    XL:     4   Next: 24%
Magic:  10/20      EV: 17    Int: 22    God:
Gold:   92         SH:  0    Dex: 15    Spells: 1/10 levels left

rFire   . . .      SeeInvis .   f - staff of conjuration
rCold   . . .      Faith    .   (no shield)
rNeg    . . .      Spirit   .   a - +0 robe
rPois   .          Reflect  .   (no helmet)
rElec   .          Harm     .   (no cloak)
rCorr   .          Rampage  .   (no gloves)
Will    .....                   (no boots)
Stlth   ++........              (no amulet)
HPRegen 0.08/turn               c - ring of magical power
MPRegen 0.17/turn               g - +4 ring of evasion

@: no status effects
A: no striking features
a: no special abilities


You were on level 2 of the Dungeon.
You visited 1 branch of the dungeon, and saw 2 of its levels.

You collected 92 gold pieces.

Inventory:

Armour
 a - a +0 robe (worn)
Magical Staves
 f - a staff of conjuration (weapon)
Jewellery
 c - a ring of magical power (left hand)
 d - a ring of flight
 g - a +4 ring of evasion (right hand)
Scrolls
 e - a scroll of enchant armour
Potions
 b - a potion of magic
 h - a potion of cancellation
 i - a potion of brilliance {unknown}
 j - a potion of invisibility


   Skills:
 + Level 1.2 Fighting
 + Level 3.2 Dodging
 - Level 2.4 Stealth
 + Level 3.8 Spellcasting
 + Level 2.2 Conjurations
 + Level 3.8 Fire Magic


You had one spell level left.
You knew the following spells:

 Your Spells              Type           Power      Damage    Failure   Level
a - Foxfire               Conj/Fire      100%       2x1d9     3%          1
b - Scorch                Fire           42%        2d7       3%          2
c - Conjure Flame         Conj/Fire      26%        6-21      10%         3
d - Inner Flame           Hex/Fire       12%        N/A       16%         3

Your spell library contained the following spells:

 Spells                   Type           Power      Damage    Failure   Level
 Sublimation of Blood     Necr           4%         N/A       17%         2
 Wereblood                Tmut           4%         N/A       17%         2
 Flame Wave               Conj/Fire      26%        2d7       32%         4
 Summon Hydra             Summ           2%         N/A       100%        7


Dungeon Overview and Level Annotations

Branches:
Dungeon (2/15)

Altars:

Annotations:
D:2 Natasha


Message History

Natasha attacks as you move away! Natasha misses you.
Casting: Foxfire (safe; 3% risk of failure)
Confirm with . or Enter, or press ? or * to list all spells.
Flames lash the crimson imp.
The crimson imp completely resists.
The shadow imp is no longer more vulnerable to fire.
A ball python comes into view.
Natasha misses you. Natasha completely misses you.
Casting: Scorch (safe; 3% risk of failure)
Confirm with . or Enter, or press ? or * to list all spells.
Flames lash the ball python.
You kill the ball python!
Natasha closely misses you.
Natasha extends her claws.
Natasha misses you.
Casting: Scorch (safe; 3% risk of failure)
Confirm with . or Enter, or press ? or * to list all spells.
Flames lash the crimson imp.
The crimson imp completely resists.
Natasha completely misses you.
The shadow imp disappears in a puff of smoke!
Natasha wildly gestures.
Natasha shimmers violently.
Natasha stares at you and mumbles some strange words.
The magic dart hits you.
An endoplasm comes into view.
Casting: Scorch (safe; 3% risk of failure)
Confirm with . or Enter, or press ? or * to list all spells.
Flames lash the crimson imp.
The crimson imp completely resists.
The endoplasm quivers.
The crimson imp disappears in a puff of smoke!
Natasha barely misses you. Natasha misses you.
You closely miss Natasha.
Natasha is heavily wounded.
Natasha claws you!
* * * LOW HITPOINT WARNING * * *
Natasha wildly gestures.
Natasha glows brightly for a moment.
Natasha claws you!
You die...

#. #####.###
#.#### #........
#.... #.###.###
.... #.# #.... ##
..# #<# ##### .#
#†# #.# .# #J# #.#
.# #h# #.# .# #@#
..# .# #.# ### .#
#.# .# #.#
.###############.#
.................#
##################
### ####.. .....#


You could see Natasha and an endoplasm.

Vanquished Creatures
  Natasha (D:2)
  2 adders (D:2)
  A worm (D:1)
  5 ball pythons
  A bat (D:1)
  3 endoplasms (D:1)
  3 giant cockroaches (D:1)
  3 goblins (D:1)
  A hobgoblin (D:1)
  4 jackals (D:1)
  A quokka (D:1)
  6 kobolds (D:1)
  7 rats
38 creatures vanquished.

Vanquished Creatures (others)
  127 foxfires
127 creatures vanquished.

Grand Total: 165 creatures vanquished

Notes
Turn   | Place    | Note
-------+----------+-------------------------------------------
     0 | D:1      | kae the Deep Elf Fire Elementalist began the quest for the
                  | Orb.
     0 | D:1      | Reached XP level 1. HP: 10/10 MP: 6/6
   248 | D:1      | Reached XP level 2. HP: 15/15 MP: 4/8
   626 | D:1      | Reached XP level 3. HP: 20/20 MP: 4/9
  1250 | D:2      | Learned a level 2 spell: Scorch
  1254 | D:2      | Learned a level 3 spell: Conjure Flame
  1258 | D:2      | Learned a level 3 spell: Inner Flame
  1281 | D:2      | Noticed Natasha
  1284 | D:2      | Killed Natasha
  1285 | D:2      | Reached skill level 1 in Fighting
  1402 | D:2      | Reached XP level 4. HP: 25/25 MP: 11/11
  1608 | D:2      | Noticed Natasha
  1632 | D:2      | Mangled by Natasha

Illustrated notes

Levels and vault maps discovered:
D:1:      lightli_arrival_chessboard, layout_basic, minmay_misc_feat_hallway
D:2:      layout_basic, serial_glass, glass_columns_a, glass_columns_a,
          uniq_natasha

Skill      XL: |  1  2  3 |
---------------+----------+-----
Fighting       | 1 |  1.2
Dodging        | 3 |  3.2
Conjurations   | 2 |  2.2
Stealth        | |  2.4
Spellcasting   | |  3.8
Fire Magic     | |  3.8

Action                   |  1- 3 |  4- 6 || total
-------------------------+-------+-------++-------
Melee: Staff             |       |     4 ||     4
 Cast: Foxfire           |    66 |    11 ||    77
       Scorch            |     1 |     6 ||     7
  Use: Scroll            |     4 |       ||     4
Armor: Robe              |     3 |       ||     3
Dodge: Dodged            |    11 |    12 ||    23

Table legend: (Time is in decaauts)
 A = Elapsed time spent in this place.
 B = Non-inter-level travel time spent in this place.
 C = Inter-level travel time spent in this place.
 D = Time resting spent in this place.
 E = Time spent auto-exploring this place.
 F = Levels seen in this place.
 G = Mean time per level.
                   A        B        C        D        E       F      G
               +--------+--------+--------+--------+--------+-----+--------+
         Total |   1631 |   1581 |     50 |     21 |   1279 |   2 |  815.5 |
       Dungeon |   1631 |   1581 |     50 |     21 |   1279 |   2 |  815.5 |
               +--------+--------+--------+--------+--------+-----+--------+

Top non-repeatable levels by time:
     D:1: 1235 daAuts
     D:2: 396 daAuts
